 Dungeon Crawl Stone Soup version 0.24-a0-434-gd57e52fea8 (webtiles) character file.

Game seed: 17932803651175437441

228 Murumi the Conjurer (level 5, 41/41 HPs)
             Began as a Demigod Conjurer on June 17, 2019.
             Quit the game on level 3 of the Dungeon.
             The game lasted 00:18:39 (2904 turns).

Murumi the Conjurer (Demigod Conjurer)              Turns: 2904, Time: 00:18:39

Health: 41/41      AC:  8    Str: 11    XL:     5   Next: 42%
Magic:  1/10       EV: 13    Int: 19    God:
Gold:   134        SH:  0    Dex: 18    Spells: 5/8 levels left

rFire    . . .     SeeInvis .   j - +1 dagger (venom)
rCold    . . .     Gourm    .   (no shield)
rNeg     . . .     Faith    .   a - +0 robe
rPois    .         Spirit   .   g - +0 helmet
rElec    .         Reflect  .   b - +0 cloak
rCorr    .         Harm     .   (no gloves)
MR       .....                  (no boots)
Stlth    ++........             i - amulet of regeneration
HPRegen  0.53/turn              f - +4 ring of slaying
MPRegen  0.12/turn              h - +4 ring of protection

@: no status effects
A: high mp 1
a: no special abilities


You were on level 3 of the Dungeon.
You were not hungry.

You visited 1 branch of the dungeon, and saw 3 of its levels.

You collected 134 gold pieces.

Inventory:

Hand Weapons
 j - a +1 dagger of venom (weapon)
Armour
 a - a +0 robe (worn)
 b - a +0 cloak (worn)
 g - a +0 helmet (worn)
Jewellery
 f - a +4 ring of slaying (left hand)
 h - a +4 ring of protection (right hand)
 i - an amulet of regeneration (around neck)
Scrolls
 d - 2 scrolls of fear
Potions
 e - 2 potions of invisibility {unknown}
 k - 3 potions of might {unknown}
Comestibles
 c - 4 rations


   Skills:
 - Level 2.0 Fighting
 - Level 3.0 Short Blades
 - Level 2.0 Armour
 - Level 2.0 Dodging
 + Level 2.0 Stealth
 - Level 2.0 Spellcasting
 - Level 4.0 Conjurations


You had 5 spell levels left.
You knew the following spells:

 Your Spells              Type           Power        Failure   Level  Hunger
a - Magic Dart            Conj           ###.         3%          1    #......
b - Searing Ray           Conj           ###...       4%          2    ###....

Your spell library contained the following spells:

 Spells                   Type           Power        Failure   Level  Hunger
 Corona                   Hex            #......      17%         1    #......
 Dazzling Spray           Conj/Hex       #.....       22%         3    ###....
 Ensorcelled Hibernation  Hex/Ice        #.....       26%         2    ###....
 Iskenderun's Mystic Bla  Conj           ###.....     32%         4    #####..
 Confuse                  Hex            #.......     45%         3    ###....
 Tukima's Dance           Hex            #.......     45%         3    ###....
 Force Lance              Conj/Tloc      #.......     58%         4    #####..
 Fulminant Prism          Conj/Hex       #.........   58%         4    #####..


Dungeon Overview and Level Annotations

Branches:
Dungeon (3/15)


Innate Abilities, Weirdness & Mutations

You have an increased reservoir of magic. (+10% MP)


Message History

The orc wizard casts a spell at you. You resist with some effort.
The searing ray hits the orc wizard!
You kill the orc wizard!
The searing ray hits the goblin!
You kill the goblin!
You finish channeling your searing ray.
You hit the ball python.
You kill the ball python!
Your Armour skill increases to level 2!
You hit the orc.
The orc is poisoned.
The orc is moderately wounded.
You hit the orc.
The orc is heavily wounded.
The orc hits you but does no damage.
You hit the orc.
You kill the orc!
Items here: ))) [ † a +0 whip; a +0 dagger x2; a +0 robe; a goblin corpse Are you sure you want to abandon this character and quit the game? (Confirm with "yes".)

#####.# .## #...........
...... ..# #......####.
###.##############.#
#.........#.
...................#
#......##.#.
.##................###..†...#
#
.##.........†.......##..)...#
.##.).....)†................#
###.......######.##.##..#####
#.......# #@## #.. ...#
#.......##.........##. #.$#
##########....)(#..... #<.#
#......# #.#. #..####
#......# .. #.....# #......#
#.#...# #......# #.###.#
#####... #.# ... ... ..)


There were no monsters in sight!

Vanquished Creatures
  An orc wizard (D:3)
  Crazy Yiuf (D:2)
  Robin (D:2)
  5 adders
  4 worms
  A dart slug (D:1)
  3 leopard geckos
  3 orcs (D:3)
  8 bats
  3 giant cockroaches
  16 goblins
  13 hobgoblins
  8 jackals
  6 kobolds (D:1)
  3 quokkas
  3 ball pythons
  6 frilled lizards
  7 rats
  A fungus (D:2)
93 creatures vanquished.

Vanquished Creatures (others)
  A giant cockroach (D:2)
1 creature vanquished.

Grand Total: 94 creatures vanquished

Notes
Turn   | Place    | Note
-------+----------+-------------------------------------------
     0 | D:1      | Murumi the Demigod Conjurer began the quest for the Orb.
     0 | D:1      | Reached XP level 1. HP: 14/14 MP: 5/5
   180 | D:1      | Reached XP level 2. HP: 10/20 MP: 7/7
   515 | D:1      | Reached skill level 4 in Conjurations
   519 | D:1      | Learned a level 2 spell: Searing Ray
   838 | D:1      | Reached skill level 1 in Fighting
  1168 | D:2      | Noticed Robin
  1182 | D:1      | Reached XP level 3. HP: 7/28 MP: 4/8
  1502 | D:2      | Reached skill level 1 in Short Blades
  1906 | D:2      | Reached XP level 4. HP: 36/36 MP: 4/9
  1984 | D:2      | Found a stormy altar of Qazlal.
  2028 | D:2      | Killed Robin
  2394 | D:2      | Found a runed translucent door.
  2395 | D:2      | Noticed Crazy Yiuf
  2402 | D:2      | Killed Crazy Yiuf
  2525 | D:3      | Reached XP level 5. HP: 41/41 MP: 2/10
  2766 | D:3      | Reached skill level 1 in Armour
  2904 | D:3      | Quit the game

Levels and vault maps discovered:
D:1:      mrwooster_arrival_arrow, layout_basic
D:2:      layout_rooms, grunt_qazlal_clouds, first_ration,
          uniq_crazy_yiuf_cottage, uniq_robin
D:3:      layout_basic, marbit_many_paths

Skill      XL: |  1  2  3  4  5 |
---------------+----------------+-----
Dodging        | 2 |  2.0
Spellcasting   | 2 |  2.0
Conjurations   | 4 |  4.0
Stealth        | 2 |  2.0
Fighting       | 1 2 |  2.0
Short Blades   | 1 3 |  3.0
Armour         | 2 |  2.0

Action                   |  1- 3 |  4- 6 || total
-------------------------+-------+-------++-------
Melee: Dagger            |    50 |    43 ||    93
 Cast: Magic Dart        |    43 |    53 ||    96
       Searing Ray       |     7 |     4 ||    11
  Use: Scroll            |     4 |     1 ||     5
 Stab: Sleeping          |     4 |     7 ||    11
  Eat: Chunk             |     4 |     4 ||     8
Armor: Robe              |    18 |     8 ||    26
Dodge: Dodged            |    59 |    12 ||    71

Table legend:
 A = Non-vault XP
 B = Vault XP
 C = Vault XP percentage of total XP
 D = Non-vault monster count
 E = Vault monster count
 F = Vault count percentage of total count
                 A         B        C        D         E       F
            +---------+---------+-------+---------+---------+-------
      Total |     248 |      78 |  23.9 |      78 |      14 |  15.2
            +---------+---------+-------+---------+---------+-------
        D:1 |      62 |       6 |   8.8 |      29 |       3 |   9.4
        D:2 |      60 |      72 |  54.5 |      20 |      11 |  35.5
        D:3 |     126 |       0 |   0.0 |      29 |       0 |   0.0
            +---------+---------+-------+---------+---------+-------
